 Dungeon Crawl Stone Soup version 0.25-a0-822-g6581751b11 (webtiles) character file.

Game seed: 17836979178821632222, levelgen mode: deterministic

45 tilp the Bolt Thrower (level 3, 0/20 HPs)
             Began as a Kobold Arcane Marksman on Apr 20, 2020.
             Succumbed to an adder's poison
             ... on level 1 of the Dungeon.
             The game lasted 00:03:24 (1329 turns).

tilp the Bolt Thrower (Kobold Arcane Marksman)      Turns: 1329, Time: 00:03:25

Health: 0/20       AC:  2    Str:  8    XL:     3   Next: 90%
Magic:  3/4        EV: 15    Int: 14    God:
Gold:   57         SH:  0    Dex: 15    Spells: 1/4 levels left

rFire    . . .     SeeInvis .   a - +0 hand crossbow
rCold    . . .     Gourm    .   (shield restricted)
rNeg     . . .     Faith    .   e - +0 robe
rPois    .         Spirit   .   (no helmet)
rElec    .         Reflect  .   (no cloak)
rCorr    .         Harm     .   (no gloves)
MR       .....                  (no boots)
Stlth    +.........             (no amulet)
HPRegen  0.06/turn              (no ring)
MPRegen  0.09/turn              (no ring)

@: lethally poisoned (0 -> -5)
A: small, carnivore
a: no special abilities


You were on level 1 of the Dungeon.
You were completely stuffed.

You visited 1 branch of the dungeon, and saw 2 of its levels.

You collected 57 gold pieces.

Inventory:

Hand Weapons
 a - a +0 hand crossbow (weapon)
 b - a +0 short sword
 l - a +0 dagger
Missiles
 d - 6 bolts (quivered)
 h - a throwing net
 n - 6 boomerangs
Armour
 e - a +0 robe (worn)
Scrolls
 f - 2 scrolls of teleportation
 g - a scroll of enchant armour {unknown}
 j - a scroll of remove curse {unknown}
 k - a scroll of blinking {unknown}
 m - a scroll of identify
Potions
 i - a potion of might
Comestibles
 c - 5 rations


   Skills:
 - Level 1.1 Fighting
 + Level 4.7 Crossbows
 - Level 2.4 Dodging
 - Level 1.1 Spellcasting
 - Level 3.0 Hexes


You had one spell level left.
You knew the following spells:

 Your Spells              Type           Power        Failure   Level  Hunger
a - Corona                Hex            #......      8%          1    ##.....
b - Slow                  Hex            #.......     12%         2    ###....

Your spell library contained the following spells:

 Spells                   Type           Power        Failure   Level  Hunger
 Inner Flame              Hex/Fire       #.......     38%         3    ####...
 Portal Projectile        Hex/Tloc       #.....       38%         3    ####...
 Cause Fear               Hex            #.........   58%         4    #####..
 Leda's Liquefaction      Hex/Erth       #.........   80%         4    #####..


Dungeon Overview and Level Annotations

Branches:
Dungeon (2/15)

Altars:


Innate Abilities, Weirdness & Mutations

You are small and have problems with some larger weapons.
You are carnivorous and can eat meat at any time.


Message History

Press: ? - help, Shift-Dir - straight line, f/p - adder
Aim: an adder (almost dead, softly glowing)
You shoot a bolt. The bolt closely misses the adder.
The adder bites you.
* * * LOW HITPOINT WARNING * * *
You are lethally poisoned!
The adder poisons you! The adder bites you but does no damage.
Firing (i - inventory. (/) - cycle)
d - 7 bolts (quivered)
Press: ? - help, Shift-Dir - straight line, f/p - adder
Aim: an adder (almost dead, softly glowing)
You shoot a bolt. The bolt hits the adder!
You kill the adder!
* * * LOW HITPOINT WARNING * * *
You feel sick.
* * * LOW HITPOINT WARNING * * *
You feel sick.
Unknown command.
* * * LOW HITPOINT WARNING * * *
You feel sick.
Your magical contamination has completely faded away.
You die...

.# ######..........###'#.......#'
.# #.......(......#.#####.#.
.########..............#.....#.#.
............#..#'#.....#######.#.
............##.#(#####.........#.
............##...###############.
............###..#...............
............###.(#.##############
............'...@#.#
............######.#
............# #.# #########'###
#.# #.# #.# #.# #.# #.# #.# #.#
#.# #.########.#


There were no monsters in sight!

Vanquished Creatures
  An adder (D:1)
  A dart slug (D:1)
  2 giant cockroaches (D:1)
  5 goblins (D:1)
  2 hobgoblins (D:1)
  4 jackals (D:1)
  A ball python (D:1)
  3 bats (D:1)
  3 frilled lizards (D:1)
  6 kobolds
  6 rats (D:1)
34 creatures vanquished.

Notes
Turn   | Place    | Note
-------+----------+-------------------------------------------
     0 | D:1      | tilp the Kobold Arcane Marksman began the quest for the
                  | Orb.
     0 | D:1      | Reached XP level 1. HP: 12/12 MP: 2/2
    52 | D:1      | Reached skill level 3 in Crossbows
    60 | D:1      | Reached XP level 2. HP: 16/16 MP: 3/3
    66 | D:1      | Learned a level 2 spell: Slow
   383 | D:1      | Reached skill level 4 in Crossbows
   383 | D:1      | Reached XP level 3. HP: 20/20 MP: 4/4
  1325 | D:1      | HP: 1/20 [poisoned by an adder]
  1329 | D:1      | Succumbed to an adder's poison

Levels and vault maps discovered:
D:1:      dpeg_arrival_tiny_i, layout_basic
D:2:      layout_rooms, old_standard_altar, nicolae_overflow_crystal_walls,
          gammafunk_temple_overflow_wave, minmay_misc_feat_five

Skill      XL: |  1  2 |
---------------+-------+-----
Crossbows      | 3 4 |  4.7
Fighting       | |  1.1
Dodging        | |  2.4
Spellcasting   | |  1.1
Hexes          | |  3.0

Action                   || total
-------------------------++-------
Melee: Short sword       ||    77
 Fire: Hand crossbow     ||    34
 Cast: Corona            ||     6
  Use: Scroll            ||     2
  Eat: Chunk             ||    10
Armor: Robe              ||    11
Dodge: Dodged            ||    65

Table legend:
 A = Non-vault XP
 B = Vault XP
 C = Vault XP percentage of total XP
 D = Non-vault monster count
 E = Vault monster count
 F = Vault count percentage of total count
                 A         B        C        D         E       F
            +---------+---------+-------+---------+---------+-------
      Total |      65 |       0 |   0.0 |      34 |       0 |   0.0
            +---------+---------+-------+---------+---------+-------
        D:1 |      63 |       0 |   0.0 |      33 |       0 |   0.0
        D:2 |       2 |       0 |   0.0 |       1 |       0 |   0.0
            +---------+---------+-------+---------+---------+-------
